 Dungeon Crawl Stone Soup version 0.30-a0-672-gc3a7216ad8 (webtiles) character file.

Game seed: 12594686772914431911

41 Leeroy the Slasher (level 3, 0/21 HPs)
             Began as a Tengu Warper on Jan 18, 2023.
             Succumbed to an adder's poison
             ... on level 3 of the Dungeon.
             The game lasted 00:01:41 (1123 turns).

Leeroy the Slasher (Tengu Warper)                   Turns: 1123, Time: 00:01:41

Health: 0/21       AC:  3    Str: 11    XL:     3   Next: 52%
Magic:  7/7        EV: 12    Int: 13    God:
Gold:   42         SH:  0    Dex: 15    Spells: 6/6 levels left

rFire   . . .      SeeInvis .    a - +0 falchion
rCold   . . .      Faith    .    (no shield)
rNeg    . . .      Spirit   .    b - +0 leather armour
rPois   .          Reflect  .    (helmet restricted)
rElec   .          Harm     .    (no cloak)
rCorr   .          Rampage  .    (no gloves)
Will    .....                    (boots unavailable)
Stlth   +                        (no amulet)
HPRegen 0.23/turn                (no ring)
MPRegen 0.10/turn                (no ring)

@: brilliant, lethally poisoned (0 -> -2), flying
A: beak, talons 3
a: no special abilities


You were on level 3 of the Dungeon.
You visited 1 branch of the dungeon, and saw 4 of its levels.

You collected 42 gold pieces.

Inventory:

Hand Weapons
 a - a +0 falchion (weapon)
 h - a +0 dagger of protection
Missiles
 d - 7 boomerangs of dispersal (quivered)
 j - 6 javelins
Armour
 b - a +0 leather armour (worn)
Scrolls
 c - 2 scrolls of blinking
 f - a scroll of fog {unknown}
 g - a scroll of immolation {unknown}
 i - a scroll of enchant weapon {unknown}
 k - a scroll of teleportation {unknown}
 l - a scroll of enchant armour {unknown}
 n - a scroll of identify {unknown}
 o - a scroll of fear {unknown}
Potions
 m - a potion of flight


   Skills:
 - Level 2.0 Fighting
 + Level 4.2 Long Blades
 - Level 1.0 Throwing
 - Level 1.1 Armour
 - Level 2.1 Dodging
 - Level 2.0 Spellcasting
 - Level 2.4 Translocations


You had 6 spell levels left.
You didn't know any spells.
Your spell library contained the following spells:

 Spells                   Type           Power      Damage    Failure   Level
 Blink                    Tloc           22%        N/A       19%         2
 Lesser Beckoning         Tloc           22%        N/A       19%         2
 Teleport Other           Tloc           11%        N/A       36%         3
 Vhi's Electric Charge    Tloc/Air       12%        N/A       52%         3
 Dazzling Flash           Conj/Hex       2%         N/A       69%         3
 Manifold Assault         Tloc           11%        N/A       77%         4
 Agony                    Necr           1%         N/A       100%        5
 Silence                  Hex/Air        0%         N/A       100%        5


Dungeon Overview and Level Annotations

Branches:
Dungeon (4/15)
 Temple: D:4-7

Altars:

Annotations:
D:2 Robin


Innate Abilities, Weirdness & Mutations

You have a beak for a mouth.
You have claws for feet.


Message History

You feel sick.
You start resting.
* * * LOW HITPOINT WARNING * * *
You feel sick.
You start resting.
* * * LOW HITPOINT WARNING * * *
You feel sick.
You start resting.
* * * LOW HITPOINT WARNING * * *
You feel sick.
You are no longer poisoned.
You start resting.
An adder comes into view.
An adder is nearby!
The adder hisses angrily.
There is a stone staircase leading down here.
The adder bites you.
You are poisoned.
The adder poisons you!
You climb downwards.
* * * LOW HITPOINT WARNING * * *
You feel sick.
Found 13 gold pieces.
There is a stone staircase leading up here.
* * * LOW HITPOINT WARNING * * *
You feel sick. The adder closely misses you.
You climb upwards.
* * * LOW HITPOINT WARNING * * *
You feel sick.
There is a stone staircase leading down here.
It was a potion of flight.
You feel very buoyant.
You fly up into the air.
* * * LOW HITPOINT WARNING * * *
You feel sick. The adder bites you.
* * * LOW HITPOINT WARNING * * *
The adder misses you.
It was a potion of brilliance.
You feel clever all of a sudden.
You die...

###### #####....
#......#
#.###..###)###
####.##.)).......
#...@.....###.###
#.##S###......#
#.##.####.#####
#.##......#
####.#########
##.......###
#...)......#
.....#.......#
.....#.......#


You could see an adder.

Vanquished Creatures
  2 adders
  An endoplasm (D:1)
  A giant cockroach (D:1)
  3 hobgoblins (D:1)
  A quokka (D:2)
  A bat (D:1)
  A frilled lizard (D:1)
  8 goblins
  2 kobolds (D:1)
  3 rats (D:1)
23 creatures vanquished.

Notes
Turn   | Place    | Note
-------+----------+-------------------------------------------
     0 | D:1      | Leeroy the Tengu Warper began the quest for the Orb.
     0 | D:1      | Reached XP level 1. HP: 12/12 MP: 4/4
   206 | D:1      | Reached XP level 2. HP: 16/17 MP: 6/6
   360 | D:1      | Reached skill level 3 in Long Blades
   910 | D:2      | Reached XP level 3. HP: 13/21 MP: 7/7
   978 | D:2      | Noticed Robin
  1015 | D:3      | Reached skill level 4 in Long Blades
  1077 | D:3      | HP: 1/21 [poisoned by an adder]
  1122 | D:3      | HP: 1/21 [adder (2)]
  1123 | D:3      | Succumbed to an adder's poison

Illustrated notes

Levels and vault maps discovered:
D:1:      minmay_arrival_plants_in_alcoves, layout_basic
D:2:      layout_loops_corners, minmay_split_cup_small, uniq_robin
D:3:      layout_loops_cross, mainiacjoe_overflow_boulevard,
          ebering_ghost_sewer_d, serial_shops, nicolae_shop_waterfront
D:4:      layout_basic, mainiacjoe_overflow_surrounded_room,
          kennysheep_okawaru_gauntlet, amcnicky_mini_corridor_feature,
          uniq_blork_the_orc

Skill      XL: |  1  2  3 |
---------------+----------+-----
Long Blades    | 3 4 |  4.2
Fighting       | |  2.0
Throwing       | |  1.0
Armour         | |  1.1
Dodging        | |  2.1
Spellcasting   | |  2.0
Translocations | |  2.4

Action                   || total
-------------------------++-------
Melee: Falchion          ||    50
       Kick              ||    12
       Peck              ||    11
  Use: Potion            ||     2
 Stab: Sleeping          ||     1
Armor: Leather armour    ||    15
Dodge: Dodged            ||    32

Table legend: (Time is in decaauts)
 A = Elapsed time spent in this place.
 B = Non-inter-level travel time spent in this place.
 C = Inter-level travel time spent in this place.
 D = Time resting spent in this place.
 E = Time spent auto-exploring this place.
 F = Levels seen in this place.
 G = Mean time per level.
                   A        B        C        D        E       F      G
               +--------+--------+--------+--------+--------+-----+--------+
         Total |   1129 |   1096 |     33 |     30 |    885 |   4 |  282.2 |
       Dungeon |   1129 |   1096 |     33 |     30 |    885 |   4 |  282.2 |
               +--------+--------+--------+--------+--------+-----+--------+

Top non-repeatable levels by time:
     D:1: 835 daAuts
     D:2: 181 daAuts
     D:3: 110 daAuts
     D:4: 1 daAuts
